 Dungeon Crawl Stone Soup version 0.31-a0-523-g071a6c1ffa (webtiles) character file.

Game seed: 5062825847582902558

2247 Newt the Fighter (level 9, -3/73 (74) HPs)
             Began as a Demonspawn Fighter on Aug 11, 2023.
             Was a Follower of Makhleb.
             Killed from afar by Jeremiah (12 damage)
             ... with a bolt of dispelling energy
             ... on level 6 of the Dungeon.
             The game lasted 00:06:37 (5910 turns).

Newt the Fighter (Demonspawn Fighter)               Turns: 5910, Time: 00:06:38

HP:   -3/73 (74)    AC: 13    Str: 20    XL:     9   Next: 15%
MP:   0/9           EV: 14    Int:  9    God:    Makhleb [*.....]
Gold: 323           SH:  6    Dex: 14    Spells: 8/8 levels left

rFire   . . .        t - +4 falchion (elec)
rCold   + . .        c - +1 buckler
rNeg    . . .        b - +0 scale mail
rPois   .            (no helmet)
rElec   .            o - +1 cloak
rCorr   .            (no gloves)
SInv    .            q - +0 pair of boots
Will    .....        (no amulet) Stlth
                     i - +5 ring of evasion
HPRegen 0.32/turn    d - ring of protection from cold
MPRegen 0.22/turn

%: guardian spirit
@: lightly drained
A: hooves 1, molten scales 1, magic shield, magic regeneration
a: Renounce Religion


You were on level 6 of the Dungeon.
You worshipped Makhleb.
Makhleb was aware of your devotion.
You visited 1 branch of the dungeon, and saw 6 of its levels.

You collected 323 gold pieces.

Inventory:

Hand Weapons
 a - a +1 rapier
 t - a +4 falchion of electrocution (weapon)
 v - a +3 falchion
Missiles
 w - 4 boomerangs
Armour
 b - a +0 scale mail (worn)
 c - a +1 buckler (worn)
 o - a +1 cloak (worn)
 q - a +0 pair of boots (worn)
Jewellery
 d - a ring of protection from cold (right hand)
 i - a +5 ring of evasion (left hand)
Wands
 p - a wand of quicksilver (24)
 x - a wand of roots (7)
Scrolls
 j - 2 scrolls of poison
 k - a scroll of brand weapon
 l - 2 scrolls of teleportation
 m - a scroll of noise
 n - 3 scrolls of immolation
 y - 2 scrolls of identify
Potions
 e - a potion of attraction {unknown}
 f - 2 potions of heal wounds
 g - a potion of berserk rage
 h - a potion of curing
 r - a potion of magic
 s - a potion of cancellation
 u - a potion of lignification {unknown}
 z - a potion of degeneration {unknown}


   Skills:
 - Level 8.0 Fighting
 - Level 3.0(4.4) Short Blades
 + Level 5.0(5.4) Long Blades
 - Level 6.0 Armour
 - Level 5.0 Shields


You had 8 spell levels left.
You didn't know any spells.
Your spell library contained the following spells:

 Spells                   Type           Power      Damage    Failure   Level
 Freeze                   Ice            0%         1d3       78%         1
 Summon Small Mammal      Summ           0%         N/A       78%         1
 Static Discharge         Conj/Air       0%         2-2/arc   89%         2
 Call Canine Familiar     Summ           0%         N/A       98%         3
 Frozen Ramparts          Ice            0%         1d1       98%         3
 Hailstorm                Conj/Ice       0%         3d3       98%         3
 Summon Guardian Golem    Hex/Summ       0%         N/A       98%         3
 Airstrike                Air            0%         2d(0-16)  100%        4
 Summon Lightning Spire   Summ/Air       0%         N/A       100%        4


Dungeon Overview and Level Annotations

Branches:
Dungeon (6/15)
 Temple: D:4-7

Altars:
Dithmenos
Fedhas
Makhleb
Qazlal
Ru
Trog
Vehumet

Annotations:
D:6 Jeremiah


Innate Abilities, Weirdness & Mutations

You have large cloven feet.
You are partially covered in molten scales. (AC +2)
When hurt, damage is shared between your health and your magic reserves.
You regenerate magic rapidly.


Message History

The gnoll bouda is heavily wounded.
The gnoll barely misses you. The gnoll bouda misses you.
The gnoll hits you with a +0 whip.
You hit the gnoll bouda.
The gnoll bouda is severely wounded.
Jeremiah hops!
The gnoll bouda hits you with a +0 whip.
The gnoll hits you with a +0 whip.
Unknown command.
The gnoll bouda attacks as you move away!
The gnoll bouda hits you with a +0 whip.
You hit the gnoll bouda.
Lightning courses through the gnoll bouda!
You kill the gnoll bouda!
Makhleb accepts your kill.
You can now gain health from killing.
You hit the gnoll but do no damage. The gnoll misses you.
Jeremiah cries, "Fearful master, protect me!"
Something smites you!
You hit the gnoll.
The gnoll is lightly wounded.
You block the gnoll's attack.
Jeremiah hits you from afar with a +2 glaive of draining!
You feel drained.
You hit the gnoll. Lightning courses through the gnoll!
You kill the gnoll!
Makhleb accepts your kill.
Jeremiah hops!
Your Long Blades skill increases to level 5!
Jeremiah hops!
You block Jeremiah's attack.
You slash Jeremiah!
Jeremiah is lightly wounded.
Jeremiah throws their arms up pleadingly.
Something smites you!
* * * LOW HITPOINT WARNING * * *
Unknown command.
You hit Jeremiah but do no damage.
Jeremiah is lightly wounded.
Jeremiah zaps a wand.
The bolt of dispelling energy hits you!
You die...

##.####.#....#..#...# ###.
...##.............#.# #.
#####...........###.# #. #
###......########b##### #. #
#......### #..b.....# ####. #
#.#.##..######........# #...)
###...###...#...bb......#####....
#...........[.##bF.b.............
)....#.####....b@b......#########
...###.## ####.#b###########
##......####...#b# ##...##
######.......###b######.....##
#..###### #.b...#.......#
######....### #####.b.......#
............### ##.bbb....#.bg
########.##....## ###........g.
########..####..######..b.....b.b


You could see Jeremiah.

Vanquished Creatures
  Grinder (D:3)
  Sigmund (D:3)
  Menkaure (D:6)
  Edmund (D:6)
  A water moccasin (D:6)
  A black bear (D:6)
  2 sky beasts (D:6)
  An ogre (D:5)
  2 centaurs (D:6)
  A phantom (D:4)
  A gnoll sergeant (D:5)
  2 scorpions
  3 wights (D:6)
  6 hounds
  2 orc priests (D:4)
  A sleepcap (D:5)
  Jessica (D:3)
  A gnoll bouda (D:6)
  2 iguanas (D:5)
  Natasha (D:3)
  An orc wizard (D:4)
  7 gnolls
  4 adders
  A worm (D:4)
  A dart slug (D:1)
  15 orcs
  9 endoplasms
  A giant cockroach (D:1)
  A goblin (D:3)
  5 hobgoblins
  4 jackals
  4 quokkas
  8 ball pythons
  5 bats
  2 frilled lizards
  7 kobolds
  5 rats
112 creatures vanquished.

Notes
Turn   | Place    | Note
-------+----------+-------------------------------------------
     0 | D:1      | Newt the Demonspawn Fighter began the quest for the Orb.
     0 | D:1      | Reached XP level 1. HP: 18/18 MP: 1/1
   240 | D:1      | Gained mutation: You have large cloven feet. [demonic
                  | ancestry]
   240 | D:1      | Reached XP level 2. HP: 23/24 MP: 2/2
   790 | D:2      | Gained mutation: You are partially covered in molten
                  | scales. (AC +2) [demonic ancestry]
   790 | D:2      | Reached XP level 3. HP: 29/29 MP: 3/3
  1498 | D:2      | Found a faded altar of an unknown god.
  1676 | D:3      | Noticed Jessica
  1684 | D:3      | Killed Jessica
  1685 | D:3      | Reached skill level 4 in Fighting
  1685 | D:3      | Gained mutation: You regenerate magic rapidly. [demonic
                  | ancestry]
  1685 | D:3      | Reached XP level 4. HP: 19/37 MP: 4/4
  1794 | D:3      | Noticed Sigmund
  1935 | D:3      | Killed Sigmund
  1936 | D:3      | Reached skill level 5 in Fighting
  1936 | D:3      | Reached XP level 5. HP: 34/44 MP: 5/5
  1975 | D:3      | Noticed Natasha
  1976 | D:3      | Noticed Grinder
  1985 | D:3      | Killed Natasha
  1986 | D:3      | Gained mutation: When hurt, damage is shared between your
                  | health and your magic reserves. [demonic ancestry]
  1986 | D:3      | Reached XP level 6. HP: 33/51 MP: 6/6
  1989 | D:3      | Paralysed by Grinder for 5 turns
  2002 | D:3      | Killed Grinder
  2003 | D:3      | Reached skill level 5 in Armour
  2579 | D:4      | Found a radiant altar of Vehumet.
  2656 | D:4      | Reached XP level 7. HP: 46/56 MP: 5/7
  3202 | D:4      | Found a shadowy altar of Dithmenos.
  3595 | D:4      | Found a burning altar of Makhleb.
  3598 | D:4      | Reached skill level 6 in Fighting
  3605 | D:4      | Became a worshipper of Makhleb the Destroyer
  3714 | D:5      | Entered Level 5 of the Dungeon
  3900 | D:5      | Found a stormy altar of Qazlal.
  4104 | D:5      | Reached skill level 7 in Fighting
  4179 | D:5      | Reached XP level 8. HP: 67/67 MP: 8/8
  4279 | D:5      | Found a sacrificial altar of Ru.
  4474 | D:5      | Found a bloodstained altar of Trog.
  4526 | D:5      | Reached skill level 8 in Fighting
  4687 | D:6      | Noticed Jeremiah
  4722 | D:6      | Noticed Edmund
  5103 | D:6      | Found a blossoming altar of Fedhas.
  5122 | D:6      | Killed Edmund
  5327 | D:6      | Noticed Menkaure
  5337 | D:6      | Killed Menkaure
  5583 | D:6      | Reached XP level 9. HP: 70/74 MP: 9/9
  5711 | D:6      | Reached skill level 5 in Shields
  5903 | D:6      | Reached * piety under Makhleb
  5907 | D:6      | Reached skill level 5 in Long Blades
  5910 | D:6      | Killed from afar by Jeremiah

Illustrated notes

Levels and vault maps discovered:
D:1:      nzn_arrival_settlement, layout_loops_ring
D:2:      layout_basic, hellmonk_ecumenical_altar_heavens_door
D:3:      layout_basic, uniq_jessica, uniq_sigmund, uniq_grinder, uniq_natasha
D:4:      layout_loops_cross, makhleb_blood_cavern_becter,
          general_overflow_altar, lemuel_tele_altar,
          nicolae_vehumet_altar_sigil, nicolae_dithmenos_through_a_glass_darkly
D:5:      layout_loops_corners, nicolae_qazlal_scattered_showers,
          mainiacjoe_overflow_catch_the_wave, small_statue_alley_b
D:6:      layout_rooms, fedhas_bush_and_centaur_altar, uniq_edmund,
          uniq_jeremiah, uniq_menkaure

Skill      XL: |  1  2  3  4  5  6  7  8  9 |
---------------+----------------------------+-----
Short Blades   | 2 3 |  3.0
Fighting       | 4 5 7 8 |  8.0
Armour         | 4 5 6 |  6.0
Long Blades    | 4 5 |  5.0
Shields        | 4 5 |  5.0

Action                     |  1- 3 |  4- 6 |  7- 9 || total
---------------------------+-------+-------+-------++-------
  Melee: Rapier            |    84 |    90 |    56 ||   230
         Kick              |    17 |    25 |       ||    42
         Falchion          |       |       |   244 ||   244
  Evoke: Wand              |       |       |     1 ||     1
    Use: Scroll            |     7 |       |    13 ||    20
         Potion            |       |     2 |     3 ||     5
 Armour: Scale mail        |    27 |    42 |   133 ||   202
  Dodge: Dodged            |    27 |    37 |   209 ||   273
  Block: Buckler           |    20 |    18 |    68 ||   106

Table legend: (Time is in decaauts)
 A = Elapsed time spent in this place.
 B = Non-inter-level travel time spent in this place.
 C = Inter-level travel time spent in this place.
 D = Time resting spent in this place.
 E = Time spent auto-exploring this place.
 F = Levels seen in this place.
 G = Mean time per level.
                   A        B        C        D        E       F      G
               +--------+--------+--------+--------+--------+-----+--------+
         Total |   5984 |   5843 |    141 |    885 |   3916 |   6 |  997.3 |
       Dungeon |   5984 |   5843 |    141 |    885 |   3916 |   6 |  997.3 |
               +--------+--------+--------+--------+--------+-----+--------+

Top non-repeatable levels by time:
     D:6: 1239 daAuts
     D:4: 1168 daAuts
     D:5: 991 daAuts
     D:2: 939 daAuts
     D:3: 853 daAuts
     D:1: 793 daAuts
